 Dungeon Crawl Stone Soup version 0.29.1-2-gbd0b4ee654 (webtiles) character file.

Game seed: 5273036399351077455

103 kingsuperguy the Chopper (level 4, -3/41 HPs)
             Began as a Hill Orc Monk on Nov 18, 2022.
             Slain by a gnoll
             ... wielding a +0 flail
              (10 damage)
             ... on level 3 of the Dungeon.
             The game lasted 00:05:12 (3786 turns).

kingsuperguy the Chopper (Hill Orc Monk)            Turns: 3786, Time: 00:05:13

Health: -3/41      AC:  7    Str: 15    XL:     4   Next: 79%
Magic:  4/4        EV: 10    Int: 10    God:
Gold:   111        SH:  0    Dex: 13    Spells: 3/3 levels left

rFire   . . .      SeeInvis .   a - +0 hand axe
rCold   . . .      Faith    .   (no shield)
rNeg    . . .      Spirit   .   s - +0 scale mail
rPois   .          Reflect  .   (no helmet)
rElec   .          Harm     .   j - +0 cloak
rCorr   .          Rampage  .   (no gloves)
Will    .....                   (no boots)
Stlth   ..........              (no amulet)
HPRegen 0.13/turn               (no ring)
MPRegen 0.09/turn               (no ring)

@: no status effects
A: no striking features
a: no special abilities


You were on level 3 of the Dungeon.
You visited 1 branch of the dungeon, and saw 3 of its levels.

You collected 111 gold pieces.

Inventory:

Hand Weapons
 a - a +0 hand axe (weapon)
Missiles
 l - 6 curare-tipped darts (quivered)
 n - 10 poisoned darts
Armour
 b - a +0 robe
 j - a +0 cloak (worn)
 s - a +0 scale mail (worn)
Scrolls
 c - a scroll of teleportation {unknown}
 e - 2 scrolls of silence {unknown}
 f - a scroll of poison {unknown}
 g - 3 scrolls of immolation {unknown}
 h - a scroll of identify {unknown}
 k - 2 scrolls of torment {unknown}
 q - a scroll of noise {unknown}
 r - a scroll of vulnerability {unknown}
 t - a scroll of brand weapon {unknown}
Potions
 d - a potion of mutation {unknown}
 i - 3 potions of cancellation
 m - a potion of brilliance {unknown}
 p - a potion of haste {unknown}


   Skills:
 + Level 4.4 Fighting
 + Level 5.7 Axes
 + Level 0.5 Armour
 + Level 2.8 Dodging
 + Level 1.8 Stealth


You had 3 spell levels left.
You didn't know any spells.
Your spell library contained the following spells:

 Spells                   Type           Power      Damage    Failure   Level
 Slow                     Hex            0%         N/A       83%         1
 Static Discharge         Conj/Air       0%         3-3/arc   93%         2
 Confusing Touch          Hex            0%         N/A       99%         3
 Vampiric Draining        Necr           0%         2d6       99%         3
 Lightning Bolt           Conj/Air       0%         1d11      100%        5
 Maxwell's Capacitive Co  Air            0%         ∞         100%        8


Dungeon Overview and Level Annotations

Branches:
Dungeon (3/15)

Altars:

Shops:
D:2 *


Message History

You hit the gnoll but do no damage.
The gnoll is moderately wounded.
You hit the gnoll. The gnoll misses you.
The gnoll hits you from afar with a +0 spear.
The gnoll closely misses you.
You hit the gnoll but do no damage.
The gnoll is heavily wounded.
You completely miss the gnoll. The gnoll closely misses you.
The gnoll hits you with a +0 flail. The gnoll hits you but does no damage.
You hit the gnoll but do no damage.
The gnoll is heavily wounded.
You hit the gnoll but do no damage. The gnoll hits you with a +0 halberd!
The gnoll hits you with a +0 flail! The gnoll closely misses you.
You are too injured to fight recklessly!
You are confused.
You feel invigorated. The gnoll closely misses you.
The gnoll hits you with a +0 flail.
The gnoll throws a throwing net.
The throwing net barely misses you.
You completely miss the gnoll.
The gnoll is moderately wounded.
You barely miss the gnoll.
The gnoll hits you but does no damage. x2
The gnoll hits you with a +0 flail.
The gnoll hits you from afar with a +0 halberd!
The gnoll hits you with a +0 flail!
* * * LOW HITPOINT WARNING * * *
You are too confused!
It was a potion of cancellation.
Your magical effects are unravelling.
You feel magically purged.
You feel less invigorated.
You feel less confused. The gnoll closely misses you.
The gnoll throws a throwing net.
The throwing net misses you. The gnoll barely misses you.
The gnoll hits you from afar with a +0 halberd!
* * * LOW HITPOINT WARNING * * *
The gnoll closely misses you. x2
The gnoll attacks as you move away! The gnoll hits you with a +0 flail.
* * * LOW HITPOINT WARNING * * *
The gnoll attacks as you move away! The gnoll hits you with a +0 flail!
You die...

#......# .#
#....#.### .#
#....#...## .# .
#....###(.# .# ..
#....####.##.#
...########...##..#.#
.......(.##...###†..#
.........##...####..#
..........gg.g@...>##
.........##...######
........(##..)#######
.........##.........#
.........##.........#
........(##.........#
###....#.####.......#
#....#.# #.......#
#$...#.# #.......#


You could see 3 gnolls.

Vanquished Creatures
  A hound (D:3)
  2 adders
  4 worms (D:3)
  An orc (D:3)
  3 ball pythons (D:1)
  5 endoplasms
  A giant cockroach (D:3)
  6 hobgoblins
  A quokka (D:3)
  8 bats
  2 frilled lizards
  2 goblins
  5 kobolds
  4 rats
45 creatures vanquished.

Notes
Turn   | Place    | Note
-------+----------+-------------------------------------------
     0 | D:1      | kingsuperguy the Hill Orc Monk began the quest for the Orb.
     0 | D:1      | Reached XP level 1. HP: 19/19 MP: 1/1
   190 | D:1      | Reached XP level 2. HP: 23/27 MP: 2/2
  1442 | D:2      | Found Oqal's Assorted Antiques.
  1976 | D:2      | Reached skill level 5 in Axes
  1976 | D:2      | Reached XP level 3. HP: 15/33 MP: 3/3
  3426 | D:3      | Reached XP level 4. HP: 22/41 MP: 4/4
  3786 | D:3      | Slain by a gnoll

Illustrated notes

Levels and vault maps discovered:
D:1:      lemuel_arrival_rhombus, layout_basic, minivault_19, bh_walls_and_bars
D:2:      layout_basic, serial_shops, shop, amcnicky_mini_rare_corridor_liquid,
          patterned_corridor
D:3:      minmay_diamond_boxcup, layout_basic

Skill      XL: |  1  2 |
---------------+-------+-----
Fighting       | 4 |  4.4
Axes           | 5 |  5.7
Armour         | |  0.5
Dodging        | |  2.8
Stealth        | |  1.8

Action                   |  1- 3 |  4- 6 || total
-------------------------+-------+-------++-------
Melee: Hand axe          |   139 |    28 ||   167
       Punch             |     2 |       ||     2
  Use: Potion            |     4 |     2 ||     6
 Stab: Sleeping          |     1 |       ||     1
Armor: Robe              |    22 |       ||    22
       Scale mail        |    18 |    13 ||    31
Dodge: Dodged            |    68 |    25 ||    93
